Workbook

Sheet Weekly budget worksheet
A1: Budget Worksheet
A2: Date:
A3: Name: | F3: Note:
A4: Address: | F4: - Monthly to Weekly x 12 ÷ 52
F5: - Annual to Weekly ÷ 52
A7: INCOME (weekly, net after tax) | F7: Monthly Expenses | I7: Monthly | J7: Weekly
A8: Salary / wages | F8: Bank fees | J8: =(I8)*12/52 -> 0
A9: Partner's income | F9: House mortgage | J9: =(I9)*12/52 -> 0
A10: Working for Families assistance | F10: Electricity | J10: =(I10)*12/52 -> 0
A11: Child support | F11: Gas | J11: =(I11)*12/52 -> 0
A12: Benefit (before deductions) | F12: Phone | J12: =(I12)*12/52 -> 0
A13: Family Tax Credit | F13: Mobile phone | J13: =(I13)*12/52 -> 0
A14: Accommodation supplement | F14: Internet | J14: =(I14)*12/52 -> 0
A15: Disability / Child Disability | F15: Pay TV | J15: =(I15)*12/52 -> 0
A16: Temporary Additional Support (TAS) | F16: Appliance rental | J16: =(I16)*12/52 -> 0
A17: Student Loan / Allowance | F17: Credit contracts | J17: =(I17)*12/52 -> 0
A18: ACC | F18: Credit / store cards | J18: =(I18)*12/52 -> 0
A19: Superannuation / Pension | F19: Personal loans | J19: =(I19)*12/52 -> 0
A20: Rent / board | F20: Other monthly costs | J20: =(I20)*12/52 -> 0
A21: Other earnings | J21: =(I21)*12/52 -> 0
C22: TOTAL INCOME | D22: =SUM(D8:E21) -> 0 | J22: =(I22)*12/52 -> 0
A23: TOTAL (1) | B23: =D69 -> 0 | J23: =(I23)*12/52 -> 0
J24: =(I24)*12/52 -> 0
A25: TOTAL (2) | B25: =J30 -> 0 | J25: =(I25)*12/52 -> 0
J26: =(I26)*12/52 -> 0
A27: TOTAL (3) | B27: =J52 -> 0 | J27: =(I27)*12/52 -> 0
J28: =(I28)*12/52 -> 0
A29: TOTAL (4) | B29: =J69 -> 0 | J29: =(I29)*12/52 -> 0
H30: TOTAL (2) | I30: =SUM(I8:I29) -> 0 | J30: =SUM(J8:K29) -> 0
A31: TOTAL | B31: =SUM(B23,B25,B27,B29) -> 0
F32: Annual Expenses | I32: Annual | J32: Weekly
C33: TOTAL INCOME | D33: =D22 -> 0 | F33: House insurance | J33: =I33/52 -> 0
F34: Contents insurance | J34: =I34/52 -> 0
C35: Less – TOTAL EXPENSES | D35: =B31 -> 0 | F35: Health / life insurance | J35: =I35/52 -> 0
F36: Vehicle insurance | J36: =I36/52 -> 0
C37: Equals = SURPLUS (DEFICIT) | D37: =D33-D35 -> 0 | F37: Vehicle registration | J37: =I37/52 -> 0
F38: Warrant of Fitness | J38: =I38/52 -> 0
F39: Vehicle maintenance | J39: =I39/52 -> 0
A40: EXPENSES | F40: Road user charges (diesel) | J40: =I40/52 -> 0
A41: Weekly Expenses | D41: Weekly | F41: School fees | J41: =I41/52 -> 0
A42: Benefit repayment | F42: School activity fees | J42: =I42/52 -> 0
A43: IRD payments | F43: Other school costs | J43: =I43/52 -> 0
A44: Court payments | F44: Rates | J44: =I44/52 -> 0
A45: Child support | F45: Regional rates | J45: =I45/52 -> 0
A46: Groceries - general | F46: Water rates | J46: =I46/52 -> 0
A47: Groceries - other | F47: Recreation / memberships (adults) | J47: =I47/52 -> 0
A48: Rent / board | F48: Recreation / memberships (children) | J48: =I48/52 -> 0
A49: Petrol / fuel | F49: Other annual costs | J49: =I49/52 -> 0
A50: Fares | J50: =I50/52 -> 0
A51: Personal cash | J51: =I51/52 -> 0
A52: Liquor | H52: TOTAL (3) | I52: =SUM(I33:I51) -> 0 | J52: =SUM(J33:K51) -> 0
A53: Tobacco
A54: Gambling | F54: Other Expenses | I54: Annual | J54: Weekly
A55: Childcare / daycare | F55: Heating (wood, coal, etc) | J55: =(I55)/52 -> 0
A56: Preschool (kohanga reo, playcentre, etc) | F56: Taxation provision | J56: =(I56)/52 -> 0
A57: School costs (trips, lunch money, etc) | F57: Medical | J57: =(I57)/52 -> 0
A58: Giving (charity, church, koha, etc) | F58: Dental | J58: =(I58)/52 -> 0
A59: Children's pocket money | F59: Optician | J59: =(I59)/52 -> 0
A60: Superannuation | F60: Presents | J60: =(I60)/52 -> 0
A61: Savings | F61: Repairs | J61: =(I61)/52 -> 0
A62: Other weekly costs | F62: Clothing / shoes | J62: =(I62)/52 -> 0
F63: Haircuts | J63: =(I63)/52 -> 0
F64: Christmas club | J64: =(I64)/52 -> 0
F65: Vet fees | J65: =(I65)/52 -> 0
F66: Other costs | J66: =(I66)/52 -> 0
J67: =(I67)/52 -> 0
J68: =(I68)/52 -> 0
C69: TOTAL(1) | D69: =SUM(D41:E68) -> 0 | H69: TOTAL(4) | I69: =SUM(I55:I68) -> 0 | J69: =SUM(J55:K68) -> 0
B70: =IF(I71<>1973,"","Signed by adviser") | H70: =IF(I71<>1973,"","Name of budgeting service")
B71: =IF(I71<>1973,"","Signed by client") | H71: Adviser code:
A72: Note: The information contained in this budget worksheet has not been verified and no responsibility is accepted for its accuracy by the NBFCCT. The budget has been copied from the NBFCCT website and is for informational purposes only. The NBFCCT Inc does not accept any responsibility to any other person(s) or organisation(s), on any grounds whatsoever, for the accuracy or otherwise of this information.

Sheet Weekly cashflow
A1: This is a cashflow forecast. For help completing this, visit your nearest budgeting service (see www.familybudgeting.org.nz) for a full list, or call 0508 BUDGETLINE (283 438).
A2: Type in your income and expenses on the week they occur. This helps you plan for the future, and make sure you have enough in your account to pay bills when they are due.
A3: DATE | C3: ='Weekly budget worksheet'!B2 -> 0 | D3: =C3+7 -> 7 | E3: =D3+7 -> 14 | F3: =E3+7 -> 21 | G3: =F3+7 -> 28 | H3: =G3+7 -> 35 | I3: =H3+7 -> 42 | J3: =I3+7 -> 49 | K3: =J3+7 -> 56 | ... BB3: =BA3+7 -> 357
A4: WEEK # | C4: 1 | D4: 2 | E4: 3 | F4: 4 | G4: 5 | H4: 6 | I4: 7 | J4: 8 | K4: 9 | L4: 10 | M4: 11 | N4: 12 | O4: 13 | P4: 14 | Q4: 15 | R4: 16 | S4: 17 | T4: 18 | U4: 19 | V4: 20 | W4: 21 | X4: 22 | Y4: 23 | Z4: 24 | AA4: 25 | AB4: 26 | AC4: 27 | AD4: 28 | AE4: 29 | AF4: 30 | AG4: 31 | AH4: 32 | AI4: 33 | AJ4: 34 | AK4: 35 | AL4: 36 | AM4: 37 | AN4: 38 | AO4: 39 | AP4: 40 | AQ4: 41 | AR4: 42 | AS4: 43 | AT4: 44 | AU4: 45 | AV4: 46 | AW4: 47 | AX4: 48 | AY4: 49 | AZ4: 50 | BA4: 51 | BB4: 52 | BD4: Year Totals
B5: Balance Brought Forward | D5: =(C22-C88) -> 0 | E5: =(D22-D88) -> 0 | F5: =(E22-E88) -> 0 | G5: =(F22-F88) -> 0 | H5: =(G22-G88) -> 0 | I5: =(H22-H88) -> 0 | J5: =(I22-I88) -> 0 | K5: =(J22-J88) -> 0 | ... BB5: =(BA22-BA88) -> 0
A7: INCOME
A8: ='[1]Weekly budget worksheet'!A8 -> Salary / wages | B8: ='Weekly budget worksheet'!D8 -> 0 | BD8: =SUM(C8:BB8) -> 0
A9: ='[1]Weekly budget worksheet'!A9 -> Partner's income | B9: ='Weekly budget worksheet'!D9 -> 0 | BD9: =SUM(C9:BB9) -> 0
A10: ='[1]Weekly budget worksheet'!A10 -> Working for Families assistance | B10: ='Weekly budget worksheet'!D10 -> 0 | BD10: =SUM(C10:BB10) -> 0
A11: ='[1]Weekly budget worksheet'!A11 -> Child support | B11: ='Weekly budget worksheet'!D11 -> 0 | BD11: =SUM(C11:BB11) -> 0
A12: ='[1]Weekly budget worksheet'!A12 -> Benefit (before deductions) | B12: ='Weekly budget worksheet'!D12 -> 0 | BD12: =SUM(C12:BB12) -> 0
A13: ='[1]Weekly budget worksheet'!A13 -> Family Tax Credit | B13: ='Weekly budget worksheet'!D13 -> 0 | BD13: =SUM(C13:BB13) -> 0
A14: ='[1]Weekly budget worksheet'!A14 -> Accommodation supplement | B14: ='Weekly budget worksheet'!D14 -> 0 | BD14: =SUM(C14:BB14) -> 0
A15: ='[1]Weekly budget worksheet'!A15 -> Disability / Child Disability | B15: ='Weekly budget worksheet'!D15 -> 0 | BD15: =SUM(C15:BB15) -> 0
A16: ='[1]Weekly budget worksheet'!A16 -> Temporary Additional Support (TAS) | B16: ='Weekly budget worksheet'!D16 -> 0 | BD16: =SUM(C16:BB16) -> 0
A17: ='[1]Weekly budget worksheet'!A17 -> Student Loan / Allowance | B17: ='Weekly budget worksheet'!D17 -> 0 | BD17: =SUM(C17:BB17) -> 0
A18: ='[1]Weekly budget worksheet'!A18 -> ACC | B18: ='Weekly budget worksheet'!D18 -> 0 | BD18: =SUM(C18:BB18) -> 0
A19: ='[1]Weekly budget worksheet'!A19 -> Superannuation / Pension | B19: ='Weekly budget worksheet'!D19 -> 0 | BD19: =SUM(C19:BB19) -> 0
... A21: ='[1]Weekly budget worksheet'!A21 -> Other earnings | B21: ='Weekly budget worksheet'!D21 -> 0 | BD21: =SUM(C21:BB21) -> 0
A22: Total Funds | C22: =SUM(C5:C21) -> 0 | D22: =SUM(D5:D21) -> 0 | E22: =SUM(E5:E21) -> 0 | F22: =SUM(F5:F21) -> 0 | G22: =SUM(G5:G21) -> 0 | H22: =SUM(H5:H21) -> 0 | I22: =SUM(I5:I21) -> 0 | J22: =SUM(J5:J21) -> 0 | ... BB22: =SUM(BB5:BB21) -> 0 | BD22: =SUM(C22:BB22) -> 0
A24: EXPENDITURE
A25: ='[1]Weekly budget worksheet'!A41 -> Benefit repayment | B25: ='Weekly budget worksheet'!D42 -> 0 | BD25: =SUM(C25:BB25) -> 0
A26: ='[1]Weekly budget worksheet'!A42 -> IRD payments | B26: ='Weekly budget worksheet'!D43 -> 0 | BD26: =SUM(C26:BB26) -> 0
A27: ='[1]Weekly budget worksheet'!A43 -> Court payments | B27: ='Weekly budget worksheet'!D44 -> 0 | BD27: =SUM(C27:BB27) -> 0
A28: ='[1]Weekly budget worksheet'!A44 -> Child support | B28: ='Weekly budget worksheet'!D45 -> 0 | BD28: =SUM(C28:BB28) -> 0
A29: ='[1]Weekly budget worksheet'!A45 -> Groceries - general | B29: ='Weekly budget worksheet'!D46 -> 0 | BD29: =SUM(C29:BB29) -> 0
A30: ='[1]Weekly budget worksheet'!A46 -> Groceries - other | B30: ='Weekly budget worksheet'!D47 -> 0 | BD30: =SUM(C30:BB30) -> 0
A31: ='[1]Weekly budget worksheet'!A47 -> Rent / board | B31: ='Weekly budget worksheet'!D48 -> 0 | BD31: =SUM(C31:BB31) -> 0
A32: ='[1]Weekly budget worksheet'!A48 -> Petrol / fuel | B32: ='Weekly budget worksheet'!D49 -> 0 | BD32: =SUM(C32:BB32) -> 0
A33: ='[1]Weekly budget worksheet'!A49 -> Fares | B33: ='Weekly budget worksheet'!D50 -> 0 | BD33: =SUM(C33:BB33) -> 0
A34: ='[1]Weekly budget worksheet'!A50 -> Personal cash | B34: ='Weekly budget worksheet'!D51 -> 0 | BD34: =SUM(C34:BB34) -> 0
A35: ='[1]Weekly budget worksheet'!A51 -> Liquor | B35: ='Weekly budget worksheet'!D52 -> 0 | BD35: =SUM(C35:BB35) -> 0
A36: ='[1]Weekly budget worksheet'!A52 -> Tobacco | B36: ='Weekly budget worksheet'!D53 -> 0 | BD36: =SUM(C36:BB36) -> 0
... A45: ='[1]Weekly budget worksheet'!A61 -> Other weekly costs | B45: ='Weekly budget worksheet'!D62 -> 0 | BD45: =SUM(C45:BB45) -> 0
A46: ='[1]Weekly budget worksheet'!F8 -> Bank fees | B46: ='Weekly budget worksheet'!I8 -> 0 | BD46: =SUM(C46:BB46) -> 0
A47: ='[1]Weekly budget worksheet'!F9 -> House mortgage | B47: ='Weekly budget worksheet'!I9 -> 0 | BD47: =SUM(C47:BB47) -> 0
A48: ='[1]Weekly budget worksheet'!F10 -> Electricity | B48: ='Weekly budget worksheet'!I10 -> 0 | BD48: =SUM(C48:BB48) -> 0
A49: ='[1]Weekly budget worksheet'!F11 -> Gas | B49: ='Weekly budget worksheet'!I11 -> 0 | BD49: =SUM(C49:BB49) -> 0
A50: ='[1]Weekly budget worksheet'!F12 -> Phone | B50: ='Weekly budget worksheet'!I12 -> 0 | BD50: =SUM(C50:BB50) -> 0
A51: ='[1]Weekly budget worksheet'!F13 -> Mobile phone | B51: ='Weekly budget worksheet'!I13 -> 0 | BD51: =SUM(C51:BB51) -> 0
A52: ='[1]Weekly budget worksheet'!F14 -> Internet | B52: ='Weekly budget worksheet'!I14 -> 0 | BD52: =SUM(C52:BB52) -> 0
A53: ='[1]Weekly budget worksheet'!F15 -> Pay TV | B53: ='Weekly budget worksheet'!I15 -> 0 | BD53: =SUM(C53:BB53) -> 0
A54: ='[1]Weekly budget worksheet'!F16 -> Appliance rental | B54: ='Weekly budget worksheet'!I16 -> 0 | BD54: =SUM(C54:BB54) -> 0
A55: ='[1]Weekly budget worksheet'!F17 -> Credit contracts | B55: ='Weekly budget worksheet'!I17 -> 0 | BD55: =SUM(C55:BB55) -> 0
A56: ='[1]Weekly budget worksheet'!F18 -> Credit / store cards | B56: ='Weekly budget worksheet'!I18 -> 0 | BD56: =SUM(C56:BB56) -> 0
A57: ='[1]Weekly budget worksheet'!F19 -> Personal loans | B57: ='Weekly budget worksheet'!I19 -> 0 | BD57: =SUM(C57:BB57) -> 0
A58: ='[1]Weekly budget worksheet'!F20 -> Other monthly costs | B58: ='Weekly budget worksheet'!I20 -> 0 | BD58: =SUM(C58:BB58) -> 0
A59: ='[1]Weekly budget worksheet'!F33 -> House insurance | B59: ='Weekly budget worksheet'!I33 -> 0 | BD59: =SUM(C59:BB59) -> 0
A60: ='[1]Weekly budget worksheet'!F34 -> Contents insurance | B60: ='Weekly budget worksheet'!I34 -> 0 | BD60: =SUM(C60:BB60) -> 0
A61: ='[1]Weekly budget worksheet'!F35 -> Health / life insurance | B61: ='Weekly budget worksheet'!I35 -> 0 | BD61: =SUM(C61:BB61) -> 0
A62: ='[1]Weekly budget worksheet'!F36 -> Vehicle insurance | B62: ='Weekly budget worksheet'!I36 -> 0 | BD62: =SUM(C62:BB62) -> 0
A63: ='[1]Weekly budget worksheet'!F37 -> Vehicle registration | B63: ='Weekly budget worksheet'!I37 -> 0 | BD63: =SUM(C63:BB63) -> 0
A64: ='[1]Weekly budget worksheet'!F38 -> Warrant of Fitness | B64: ='Weekly budget worksheet'!I38 -> 0 | BD64: =SUM(C64:BB64) -> 0
A65: ='[1]Weekly budget worksheet'!F39 -> Vehicle maintenance | B65: ='Weekly budget worksheet'!I39 -> 0 | BD65: =SUM(C65:BB65) -> 0
A66: ='[1]Weekly budget worksheet'!F40 -> Road user charges (diesel) | B66: ='Weekly budget worksheet'!I40 -> 0 | BD66: =SUM(C66:BB66) -> 0
A67: ='[1]Weekly budget worksheet'!F41 -> School fees | B67: ='Weekly budget worksheet'!I41 -> 0 | BD67: =SUM(C67:BB67) -> 0
A68: ='[1]Weekly budget worksheet'!F42 -> School activity fees | B68: ='Weekly budget worksheet'!I42 -> 0 | BD68: =SUM(C68:BB68) -> 0
A69: ='[1]Weekly budget worksheet'!F43 -> Other school costs | B69: ='Weekly budget worksheet'!I43 -> 0 | BD69: =SUM(C69:BB69) -> 0
A70: ='[1]Weekly budget worksheet'!F44 -> Rates | B70: ='Weekly budget worksheet'!I44 -> 0 | BD70: =SUM(C70:BB70) -> 0
... A75: ='[1]Weekly budget worksheet'!F49 -> Other annual costs | B75: ='Weekly budget worksheet'!I49 -> 0 | BD75: =SUM(C75:BB75) -> 0
A76: ='[1]Weekly budget worksheet'!F55 -> Heating (wood, coal, etc) | B76: ='Weekly budget worksheet'!I55 -> 0 | BD76: =SUM(C76:BB76) -> 0
A77: ='[1]Weekly budget worksheet'!F56 -> Taxation provision | B77: ='Weekly budget worksheet'!I56 -> 0 | BD77: =SUM(C77:BB77) -> 0
A78: ='[1]Weekly budget worksheet'!F57 -> Medical | B78: ='Weekly budget worksheet'!I57 -> 0 | BD78: =SUM(C78:BB78) -> 0
A79: ='[1]Weekly budget worksheet'!F58 -> Dental | B79: ='Weekly budget worksheet'!I58 -> 0 | BD79: =SUM(C79:BB79) -> 0
A80: ='[1]Weekly budget worksheet'!F59 -> Optician | B80: ='Weekly budget worksheet'!I59 -> 0 | BD80: =SUM(C80:BB80) -> 0
A81: ='[1]Weekly budget worksheet'!F60 -> Presents | B81: ='Weekly budget worksheet'!I60 -> 0 | BD81: =SUM(C81:BB81) -> 0
A82: ='[1]Weekly budget worksheet'!F61 -> Repairs | B82: ='Weekly budget worksheet'!I61 -> 0 | BD82: =SUM(C82:BB82) -> 0
A83: ='[1]Weekly budget worksheet'!F62 -> Clothing / shoes | B83: ='Weekly budget worksheet'!I62 -> 0 | BD83: =SUM(C83:BB83) -> 0
A84: ='[1]Weekly budget worksheet'!F63 -> Haircuts | B84: ='Weekly budget worksheet'!I63 -> 0 | BD84: =SUM(C84:BB84) -> 0
A85: ='[1]Weekly budget worksheet'!F64 -> Christmas club | B85: ='Weekly budget worksheet'!I64 -> 0 | BD85: =SUM(C85:BB85) -> 0
A86: ='[1]Weekly budget worksheet'!F65 -> Vet fees | B86: ='Weekly budget worksheet'!I65 -> 0 | BD86: =SUM(C86:BB86) -> 0
A87: ='[1]Weekly budget worksheet'!F66 -> Other costs | B87: ='Weekly budget worksheet'!I66 -> 0 | BD87: =SUM(C87:BB87) -> 0
A88: Total Expenditure | C88: =SUM(C25:C87) -> 0 | D88: =SUM(D25:D87) -> 0 | E88: =SUM(E25:E87) -> 0 | F88: =SUM(F25:F87) -> 0 | G88: =SUM(G25:G87) -> 0 | H88: =SUM(H25:H87) -> 0 | I88: =SUM(I25:I87) -> 0 | J88: =SUM(J25:J87) -> 0 | ... BB88: =SUM(BB25:BB87) -> 0 | BD88: =SUM(C88:BB88) -> 0
A91: Total Funds - Expenditure | C91: =C22-C88 -> 0 | D91: =D22-D88 -> 0 | E91: =E22-E88 -> 0 | F91: =F22-F88 -> 0 | G91: =G22-G88 -> 0 | H91: =H22-H88 -> 0 | I91: =I22-I88 -> 0 | J91: =J22-J88 -> 0 | ... BB91: =BB22-BB88 -> 0 | BD91: =BD22-BD88 -> 0
A92: Note: The information contained in this budget worksheet has not been verified and no responsibility is accepted for its accuracy by the NBFCCT. The budget has been copied from the NBFCCT website and is for informational purposes only. The NBFCCT Inc does not accept any responsibility to any other person(s) or organisation(s), on any grounds whatsoever, for the accuracy or otherwise of this information. | AC92: The information contained in this budget has not been verified and no responsibility is accepted for its accuracy by the NZFFBS Inc. The budget has been copied from the NZFFBS Inc website and is for informational purposes only. The NZFFBS Inc does not accept any responsibility to any other person(s) or organisation(s), on any grounds whatsoever, for the accuracy or otherwise of this information. This is a special item purpose built for the NZFFBS website. © NZFFBS Inc 2008

Sheet Fortnightly budget worksheet
A1: Budget Worksheet
A2: Date:
A3: Name: | F3: Note:
A4: Address: | F4: - Monthly to Fortnightly x 12 ÷ 26
F5: - Annual to Fornightly ÷ 26
A7: INCOME (fortnightly, net after tax) | F7: Monthly Expenses | I7: Monthly | K7: Fornightly
A8: Salary / wages | F8: Bank fees | K8: =(I8)*12/26 -> 0
A9: Partner's income | F9: House mortgage | K9: =(I9)*12/26 -> 0
A10: Working for Families assistance | F10: Electricity | K10: =(I10)*12/26 -> 0
A11: Child support | F11: Gas | K11: =(I11)*12/26 -> 0
A12: Benefit (before deductions) | F12: Phone | K12: =(I12)*12/26 -> 0
A13: Family Tax Credit | F13: Mobile phone | K13: =(I13)*12/26 -> 0
A14: Accommodation supplement | F14: Internet | K14: =(I14)*12/26 -> 0
A15: Disability / Child Disability | F15: Pay TV | K15: =(I15)*12/26 -> 0
A16: Temporary Additional Support (TAS) | F16: Appliance rental | K16: =(I16)*12/26 -> 0
A17: Student Loan / Allowance | F17: Credit contracts | K17: =(I17)*12/26 -> 0
A18: ACC | F18: Credit / store cards | K18: =(I18)*12/26 -> 0
A19: Superannuation / Pension | F19: Personal loans | K19: =(I19)*12/26 -> 0
A20: Rent / board | F20: Other monthly costs | K20: =(I20)*12/26 -> 0
A21: Other earnings | K21: =(I21)*12/26 -> 0
C22: TOTAL INCOME | D22: =SUM(D8:E21) -> 0 | K22: =(I22)*12/26 -> 0
A23: TOTAL (1) | B23: =D69 -> 0 | K23: =(I23)*12/26 -> 0
K24: =(I24)*12/26 -> 0
A25: TOTAL (2) | B25: =K30 -> 0 | K25: =(I25)*12/26 -> 0
K26: =(I26)*12/26 -> 0
A27: TOTAL (3) | B27: =K52 -> 0 | K27: =(I27)*12/26 -> 0
K28: =(I28)*12/26 -> 0
A29: TOTAL (4) | B29: =K69 -> 0 | K29: =(I29)*12/26 -> 0
H30: TOTAL (2) | I30: =SUM(I8:J29) -> 0 | K30: =SUM(K8:L29) -> 0
A31: TOTAL | B31: =SUM(B23,B25,B27,B29) -> 0
F32: Annual Expenses | I32: Annual | K32: Fortnightly
C33: TOTAL INCOME | D33: =D22 -> 0 | F33: House insurance | K33: =I33/26 -> 0
F34: Contents insurance | K34: =I34/26 -> 0
C35: Less – TOTAL EXPENSES | D35: =B31 -> 0 | F35: Health / life insurance | K35: =I35/26 -> 0
F36: Vehicle insurance | K36: =I36/26 -> 0
C37: Equals = SURPLUS (DEFICIT) | D37: =D33-D35 -> 0 | F37: Vehicle registration | K37: =I37/26 -> 0
F38: Warrant of Fitness | K38: =I38/26 -> 0
F39: Vehicle maintenance | K39: =I39/26 -> 0
A40: EXPENSES | F40: Road user charges (diesel) | K40: =I40/26 -> 0
A41: Fortnightly Expenses | D41: Fortnightly | F41: School fees | K41: =I41/26 -> 0
A42: Benefit repayment | F42: School activity fees | K42: =I42/26 -> 0
A43: IRD payments | F43: Other school costs | K43: =I43/26 -> 0
A44: Court payments | F44: Rates | K44: =I44/26 -> 0
A45: Child support | F45: Regional rates | K45: =I45/26 -> 0
A46: Groceries - general | F46: Water rates | K46: =I46/26 -> 0
A47: Groceries - other | F47: Recreation / memberships (adults) | K47: =I47/26 -> 0
A48: Rent / board | F48: Recreation / memberships (children) | K48: =I48/26 -> 0
A49: Petrol / fuel | F49: Other annual costs | K49: =I49/26 -> 0
A50: Fares | K50: =I50/26 -> 0
A51: Personal cash | K51: =I51/26 -> 0
A52: Liquor | H52: TOTAL (3) | I52: =SUM(I33:J51) -> 0 | K52: =SUM(K33:L51) -> 0
A53: Tobacco
A54: Gambling | F54: Other Expenses | I54: Annual | K54: Fortnightly
A55: Childcare / daycare | F55: Heating (wood, coal, etc) | K55: =(I55)/26 -> 0
A56: Preschool (kohanga reo, playcentre, etc) | F56: Taxation provision | K56: =(I56)/26 -> 0
A57: School costs (trips, lunch money, etc) | F57: Medical | K57: =(I57)/26 -> 0
A58: Giving (charity, church, koha, etc) | F58: Dental | K58: =(I58)/26 -> 0
A59: Children's pocket money | F59: Optician | K59: =(I59)/26 -> 0
A60: Superannuation | F60: Presents | K60: =(I60)/26 -> 0
A61: Savings | F61: Repairs | K61: =(I61)/26 -> 0
A62: Other fortnightly costs | F62: Clothing / shoes | K62: =(I62)/26 -> 0
F63: Haircuts | K63: =(I63)/26 -> 0
F64: Christmas club | K64: =(I64)/26 -> 0
F65: Vet fees | K65: =(I65)/26 -> 0
F66: Other costs | K66: =(I66)/26 -> 0
K67: =(I67)/26 -> 0
K68: =(I68)/26 -> 0
C69: TOTAL(1) | D69: =SUM(D41:E68) -> 0 | H69: TOTAL(4) | I69: =SUM(I55:J68) -> 0 | K69: =SUM(K55:L68) -> 0
B70: =IF(I71<>1973,"","Signed by adviser") | H70: =IF(I71<>1973,"","Name of budgeting service")
B71: =IF(I71<>1973,"","Signed by client") | H71: Adviser code:
A72: Note: The information contained in this budget worksheet has not been verified and no responsibility is accepted for its accuracy by the NBFCCT. The budget has been copied from the NBFCCT website and is for informational purposes only. The NBFCCT Inc does not accept any responsibility to any other person(s) or organisation(s), on any grounds whatsoever, for the accuracy or otherwise of this information.

Sheet Fortnightly cashflow
A1: This is a cashflow forecast. For help completing this, visit your nearest budgeting service (see www.familybudgeting.org.nz) for a full list, or call 0508 BUDGETLINE (283 438).
A2: Type in your income and expenses on the week they occur. This helps you plan for the future, and make sure you have enough in your account to pay bills when they are due.
A3: DATE | C3: ='Fortnightly budget worksheet'!B2 -> 0 | D3: =C3+14 -> 14 | E3: =D3+14 -> 28 | F3: =E3+14 -> 42 | G3: =F3+14 -> 56 | H3: =G3+14 -> 70 | I3: =H3+14 -> 84 | J3: =I3+14 -> 98 | K3: =J3+14 -> 112 | ... AB3: =AA3+14 -> 350
A4: WEEK # | C4: 1 | D4: 2 | E4: 3 | F4: 4 | G4: 5 | H4: 6 | I4: 7 | J4: 8 | K4: 9 | L4: 10 | M4: 11 | N4: 12 | O4: 13 | P4: 14 | Q4: 15 | R4: 16 | S4: 17 | T4: 18 | U4: 19 | V4: 20 | W4: 21 | X4: 22 | Y4: 23 | Z4: 24 | AA4: 25 | AB4: 26 | AD4: Year Totals
B5: Balance Brought Forward | D5: =(C22-C88) -> 0 | E5: =(D22-D88) -> 0 | F5: =(E22-E88) -> 0 | G5: =(F22-F88) -> 0 | H5: =(G22-G88) -> 0 | I5: =(H22-H88) -> 0 | J5: =(I22-I88) -> 0 | K5: =(J22-J88) -> 0 | ... AB5: =(AA22-AA88) -> 0
A7: INCOME
A8: ='[1]Weekly budget worksheet'!A8 -> Salary / wages | B8: ='Fortnightly budget worksheet'!D8 -> 0 | AD8: =SUM(C8:AB8) -> 0
A9: ='[1]Weekly budget worksheet'!A9 -> Partner's income | B9: ='Fortnightly budget worksheet'!D9 -> 0 | AD9: =SUM(C9:AB9) -> 0
A10: ='[1]Weekly budget worksheet'!A10 -> Working for Families assistance | B10: ='Fortnightly budget worksheet'!D10 -> 0 | AD10: =SUM(C10:AB10) -> 0
A11: ='[1]Weekly budget worksheet'!A11 -> Child support | B11: ='Fortnightly budget worksheet'!D11 -> 0 | AD11: =SUM(C11:AB11) -> 0
A12: ='[1]Weekly budget worksheet'!A12 -> Benefit (before deductions) | B12: ='Fortnightly budget worksheet'!D12 -> 0 | AD12: =SUM(C12:AB12) -> 0
A13: ='[1]Weekly budget worksheet'!A13 -> Family Tax Credit | B13: ='Fortnightly budget worksheet'!D13 -> 0 | AD13: =SUM(C13:AB13) -> 0
A14: ='[1]Weekly budget worksheet'!A14 -> Accommodation supplement | B14: ='Fortnightly budget worksheet'!D14 -> 0 | AD14: =SUM(C14:AB14) -> 0
A15: ='[1]Weekly budget worksheet'!A15 -> Disability / Child Disability | B15: ='Fortnightly budget worksheet'!D15 -> 0 | AD15: =SUM(C15:AB15) -> 0
A16: ='[1]Weekly budget worksheet'!A16 -> Temporary Additional Support (TAS) | B16: ='Fortnightly budget worksheet'!D16 -> 0 | AD16: =SUM(C16:AB16) -> 0
A17: ='[1]Weekly budget worksheet'!A17 -> Student Loan / Allowance | B17: ='Fortnightly budget worksheet'!D17 -> 0 | AD17: =SUM(C17:AB17) -> 0
A18: ='[1]Weekly budget worksheet'!A18 -> ACC | B18: ='Fortnightly budget worksheet'!D18 -> 0 | AD18: =SUM(C18:AB18) -> 0
A19: ='[1]Weekly budget worksheet'!A19 -> Superannuation / Pension | B19: ='Fortnightly budget worksheet'!D19 -> 0 | AD19: =SUM(C19:AB19) -> 0
... A21: ='[1]Weekly budget worksheet'!A21 -> Other earnings | B21: ='Fortnightly budget worksheet'!D21 -> 0 | AD21: =SUM(C21:AB21) -> 0
A22: Total Funds | C22: =SUM(C5:C21) -> 0 | D22: =SUM(D5:D21) -> 0 | E22: =SUM(E5:E21) -> 0 | F22: =SUM(F5:F21) -> 0 | G22: =SUM(G5:G21) -> 0 | H22: =SUM(H5:H21) -> 0 | I22: =SUM(I5:I21) -> 0 | J22: =SUM(J5:J21) -> 0 | ... AB22: =SUM(AB5:AB21) -> 0 | AD22: =SUM(C22:AB22) -> 0
A24: EXPENDITURE
A25: ='[1]Weekly budget worksheet'!A41 -> Benefit repayment | B25: ='Fortnightly budget worksheet'!D42 -> 0 | AD25: =SUM(C25:AB25) -> 0
A26: ='[1]Weekly budget worksheet'!A42 -> IRD payments | B26: ='Fortnightly budget worksheet'!D43 -> 0 | AD26: =SUM(C26:AB26) -> 0
A27: ='[1]Weekly budget worksheet'!A43 -> Court payments | B27: ='Fortnightly budget worksheet'!D44 -> 0 | AD27: =SUM(C27:AB27) -> 0
A28: ='[1]Weekly budget worksheet'!A44 -> Child support | B28: ='Fortnightly budget worksheet'!D45 -> 0 | AD28: =SUM(C28:AB28) -> 0
A29: ='[1]Weekly budget worksheet'!A45 -> Groceries - general | B29: ='Fortnightly budget worksheet'!D46 -> 0 | AD29: =SUM(C29:AB29) -> 0
A30: ='[1]Weekly budget worksheet'!A46 -> Groceries - other | B30: ='Fortnightly budget worksheet'!D47 -> 0 | AD30: =SUM(C30:AB30) -> 0
A31: ='[1]Weekly budget worksheet'!A47 -> Rent / board | B31: ='Fortnightly budget worksheet'!D48 -> 0 | AD31: =SUM(C31:AB31) -> 0
A32: ='[1]Weekly budget worksheet'!A48 -> Petrol / fuel | B32: ='Fortnightly budget worksheet'!D49 -> 0 | AD32: =SUM(C32:AB32) -> 0
A33: ='[1]Weekly budget worksheet'!A49 -> Fares | B33: ='Fortnightly budget worksheet'!D50 -> 0 | AD33: =SUM(C33:AB33) -> 0
A34: ='[1]Weekly budget worksheet'!A50 -> Personal cash | B34: ='Fortnightly budget worksheet'!D51 -> 0 | AD34: =SUM(C34:AB34) -> 0
A35: ='[1]Weekly budget worksheet'!A51 -> Liquor | B35: ='Fortnightly budget worksheet'!D52 -> 0 | AD35: =SUM(C35:AB35) -> 0
A36: ='[1]Weekly budget worksheet'!A52 -> Tobacco | B36: ='Fortnightly budget worksheet'!D53 -> 0 | AD36: =SUM(C36:AB36) -> 0
... A45: ='[1]Weekly budget worksheet'!A61 -> Other weekly costs | B45: ='Fortnightly budget worksheet'!D62 -> 0 | AD45: =SUM(C45:AB45) -> 0
A46: ='[1]Weekly budget worksheet'!F8 -> Bank fees | B46: ='Fortnightly budget worksheet'!I8 -> 0 | AD46: =SUM(C46:AB46) -> 0
A47: ='[1]Weekly budget worksheet'!F9 -> House mortgage | B47: ='Fortnightly budget worksheet'!I9 -> 0 | AD47: =SUM(C47:AB47) -> 0
A48: ='[1]Weekly budget worksheet'!F10 -> Electricity | B48: ='Fortnightly budget worksheet'!I10 -> 0 | AD48: =SUM(C48:AB48) -> 0
A49: ='[1]Weekly budget worksheet'!F11 -> Gas | B49: ='Fortnightly budget worksheet'!I11 -> 0 | AD49: =SUM(C49:AB49) -> 0
A50: ='[1]Weekly budget worksheet'!F12 -> Phone | B50: ='Fortnightly budget worksheet'!I12 -> 0 | AD50: =SUM(C50:AB50) -> 0
A51: ='[1]Weekly budget worksheet'!F13 -> Mobile phone | B51: ='Fortnightly budget worksheet'!I13 -> 0 | AD51: =SUM(C51:AB51) -> 0
A52: ='[1]Weekly budget worksheet'!F14 -> Internet | B52: ='Fortnightly budget worksheet'!I14 -> 0 | AD52: =SUM(C52:AB52) -> 0
A53: ='[1]Weekly budget worksheet'!F15 -> Pay TV | B53: ='Fortnightly budget worksheet'!I15 -> 0 | AD53: =SUM(C53:AB53) -> 0
A54: ='[1]Weekly budget worksheet'!F16 -> Appliance rental | B54: ='Fortnightly budget worksheet'!I16 -> 0 | AD54: =SUM(C54:AB54) -> 0
A55: ='[1]Weekly budget worksheet'!F17 -> Credit contracts | B55: ='Fortnightly budget worksheet'!I17 -> 0 | AD55: =SUM(C55:AB55) -> 0
A56: ='[1]Weekly budget worksheet'!F18 -> Credit / store cards | B56: ='Fortnightly budget worksheet'!I18 -> 0 | AD56: =SUM(C56:AB56) -> 0
A57: ='[1]Weekly budget worksheet'!F19 -> Personal loans | B57: ='Fortnightly budget worksheet'!I19 -> 0 | AD57: =SUM(C57:AB57) -> 0
A58: ='[1]Weekly budget worksheet'!F20 -> Other monthly costs | B58: ='Fortnightly budget worksheet'!I20 -> 0 | AD58: =SUM(C58:AB58) -> 0
A59: ='[1]Weekly budget worksheet'!F33 -> House insurance | B59: ='Fortnightly budget worksheet'!I33 -> 0 | AD59: =SUM(C59:AB59) -> 0
A60: ='[1]Weekly budget worksheet'!F34 -> Contents insurance | B60: ='Fortnightly budget worksheet'!I34 -> 0 | AD60: =SUM(C60:AB60) -> 0
A61: ='[1]Weekly budget worksheet'!F35 -> Health / life insurance | B61: ='Fortnightly budget worksheet'!I35 -> 0 | AD61: =SUM(C61:AB61) -> 0
A62: ='[1]Weekly budget worksheet'!F36 -> Vehicle insurance | B62: ='Fortnightly budget worksheet'!I36 -> 0 | AD62: =SUM(C62:AB62) -> 0
A63: ='[1]Weekly budget worksheet'!F37 -> Vehicle registration | B63: ='Fortnightly budget worksheet'!I37 -> 0 | AD63: =SUM(C63:AB63) -> 0
A64: ='[1]Weekly budget worksheet'!F38 -> Warrant of Fitness | B64: ='Fortnightly budget worksheet'!I38 -> 0 | AD64: =SUM(C64:AB64) -> 0
A65: ='[1]Weekly budget worksheet'!F39 -> Vehicle maintenance | B65: ='Fortnightly budget worksheet'!I39 -> 0 | AD65: =SUM(C65:AB65) -> 0
A66: ='[1]Weekly budget worksheet'!F40 -> Road user charges (diesel) | B66: ='Fortnightly budget worksheet'!I40 -> 0 | AD66: =SUM(C66:AB66) -> 0
A67: ='[1]Weekly budget worksheet'!F41 -> School fees | B67: ='Fortnightly budget worksheet'!I41 -> 0 | AD67: =SUM(C67:AB67) -> 0
A68: ='[1]Weekly budget worksheet'!F42 -> School activity fees | B68: ='Fortnightly budget worksheet'!I42 -> 0 | AD68: =SUM(C68:AB68) -> 0
A69: ='[1]Weekly budget worksheet'!F43 -> Other school costs | B69: ='Fortnightly budget worksheet'!I43 -> 0 | AD69: =SUM(C69:AB69) -> 0
A70: ='[1]Weekly budget worksheet'!F44 -> Rates | B70: ='Fortnightly budget worksheet'!I44 -> 0 | AD70: =SUM(C70:AB70) -> 0
... A75: ='[1]Weekly budget worksheet'!F49 -> Other annual costs | B75: ='Fortnightly budget worksheet'!I49 -> 0 | AD75: =SUM(C75:AB75) -> 0
A76: ='[1]Weekly budget worksheet'!F55 -> Heating (wood, coal, etc) | B76: ='Fortnightly budget worksheet'!I55 -> 0 | AD76: =SUM(C76:AB76) -> 0
A77: ='[1]Weekly budget worksheet'!F56 -> Taxation provision | B77: ='Fortnightly budget worksheet'!I56 -> 0 | AD77: =SUM(C77:AB77) -> 0
A78: ='[1]Weekly budget worksheet'!F57 -> Medical | B78: ='Fortnightly budget worksheet'!I57 -> 0 | AD78: =SUM(C78:AB78) -> 0
A79: ='[1]Weekly budget worksheet'!F58 -> Dental | B79: ='Fortnightly budget worksheet'!I58 -> 0 | AD79: =SUM(C79:AB79) -> 0
A80: ='[1]Weekly budget worksheet'!F59 -> Optician | B80: ='Fortnightly budget worksheet'!I59 -> 0 | AD80: =SUM(C80:AB80) -> 0
A81: ='[1]Weekly budget worksheet'!F60 -> Presents | B81: ='Fortnightly budget worksheet'!I60 -> 0 | AD81: =SUM(C81:AB81) -> 0
A82: ='[1]Weekly budget worksheet'!F61 -> Repairs | B82: ='Fortnightly budget worksheet'!I61 -> 0 | AD82: =SUM(C82:AB82) -> 0
A83: ='[1]Weekly budget worksheet'!F62 -> Clothing / shoes | B83: ='Fortnightly budget worksheet'!I62 -> 0 | AD83: =SUM(C83:AB83) -> 0
A84: ='[1]Weekly budget worksheet'!F63 -> Haircuts | B84: ='Fortnightly budget worksheet'!I63 -> 0 | AD84: =SUM(C84:AB84) -> 0
A85: ='[1]Weekly budget worksheet'!F64 -> Christmas club | B85: ='Fortnightly budget worksheet'!I64 -> 0 | AD85: =SUM(C85:AB85) -> 0
A86: ='[1]Weekly budget worksheet'!F65 -> Vet fees | B86: ='Fortnightly budget worksheet'!I65 -> 0 | AD86: =SUM(C86:AB86) -> 0
A87: ='[1]Weekly budget worksheet'!F66 -> Other costs | B87: ='Fortnightly budget worksheet'!I66 -> 0 | AD87: =SUM(C87:AB87) -> 0
A88: Total Expenditure | C88: =SUM(C25:C87) -> 0 | D88: =SUM(D25:D87) -> 0 | E88: =SUM(E25:E87) -> 0 | F88: =SUM(F25:F87) -> 0 | G88: =SUM(G25:G87) -> 0 | H88: =SUM(H25:H87) -> 0 | I88: =SUM(I25:I87) -> 0 | J88: =SUM(J25:J87) -> 0 | ... AB88: =SUM(AB25:AB87) -> 0 | AD88: =SUM(C88:AB88) -> 0
A91: Total Funds - Expenditure | C91: =C22-C88 -> 0 | D91: =D22-D88 -> 0 | E91: =E22-E88 -> 0 | F91: =F22-F88 -> 0 | G91: =G22-G88 -> 0 | H91: =H22-H88 -> 0 | I91: =I22-I88 -> 0 | J91: =J22-J88 -> 0 | ... AB91: =AB22-AB88 -> 0 | AD91: =AD22-AD88 -> 0
A92: Note: The information contained in this budget worksheet has not been verified and no responsibility is accepted for its accuracy by the NBFCCT. The budget has been copied from the NBFCCT website and is for informational purposes only. The NBFCCT Inc does not accept any responsibility to any other person(s) or organisation(s), on any grounds whatsoever, for the accuracy or otherwise of this information.
